 Dungeon Crawl Stone Soup version 0.29-a0-398-ge13fd1374b (webtiles) character file.

Game seed: 16550657133167673317

662 zishaf the Gusty (level 7, -3/43 HPs)
             Began as a Tengu Air Elementalist on May 12, 2022.
             Slain by a mummy (8 damage)
             ... in an ossuary.
             The game lasted 00:08:00 (5025 turns).

zishaf the Gusty (Tengu Air Elementalist)           Turns: 5025, Time: 00:08:00

Health: -3/43      AC:  2    Str:  9    XL:     7   Next: 56%
Magic:  8/12       EV: 18    Int: 17    God:
Gold:   200        SH:  0    Dex: 14    Spells: 6/12 levels left

rFire   + . .      SeeInvis .   m - +1 hand axe (elec)
rCold   + . .      Faith    .   (no shield)
rNeg    . . .      Spirit   .   a - +0 robe
rPois   .          Reflect  .   (helmet restricted)
rElec   .          Harm     .   f - scarf {rC+ rF+}
rCorr   .          Rampage  .   (no gloves)
Will    .....                   (boots unavailable)
Stlth   ++........              (no amulet)
HPRegen 0.14/turn               g - +4 ring of evasion
MPRegen 0.13/turn               (no ring)

@: flying quickly and evasively, quick
A: beak, talons 3, nimble flight
a: no special abilities


You were in an ossuary.
You visited 1 branch of the dungeon, and saw 4 of its levels.
You also visited: Ossuary.

You collected 200 gold pieces.

Inventory:

Hand Weapons
 c - a +0 short sword
 m - a +1 hand axe of electrocution (weapon)
Armour
 a - a +0 robe (worn)
 f - a scarf of resistance (worn)
Jewellery
 g - a +4 ring of evasion (left hand)
Scrolls
 d - 2 scrolls of blinking {unknown}
 i - 2 scrolls of vulnerability {unknown}
 n - a scroll of amnesia {unknown}
 o - a scroll of identify {unknown}
Potions
 b - a potion of magic
 e - 3 potions of heal wounds {unknown}
 h - 3 potions of might {unknown}
 j - a potion of berserk rage {unknown}
 k - a potion of flight {unknown}
 l - a potion of ambrosia {unknown}


   Skills:
 + Level 4.1 Fighting
 - Level 2.1 Dodging
 - Level 2.0 Stealth
 - Level 3.0 Spellcasting
 + Level 5.8 Conjurations
 + Level 7.0 Air Magic


You had 6 spell levels left.
You knew the following spells:

 Your Spells              Type           Power      Damage    Failure   Level
a - Shock                 Conj/Air       96%        1d9       1%          1
b - Static Discharge      Conj/Air       24%        N/A       1%          2
c - Mephitic Cloud        Conj/Pois/Air  17%        N/A       9%          3

Your spell library contained the following spells:

 Spells                   Type           Power      Damage    Failure   Level
 Magic Dart               Conj           88%        1d7       1%          1
 Swiftness                Air            26%        N/A       3%          3
 Poisonous Vapours        Pois/Air       28%        N/A       6%          2
 Airstrike                Air            13%        N/A       10%         4
 Sting                    Tmut/Pois      8%         1d3       17%         1
 Call Imp                 Summ           2%         N/A       26%         2
 Olgreb's Toxic Radiance  Pois           2%         N/A       86%         4


Dungeon Overview and Level Annotations

Branches:
Dungeon (4/15)            Ossuary (1/1)
 Temple: D:4-7

Altars:
The Shining One

Shops:
D:1 (


Innate Abilities, Weirdness & Mutations

You have a beak for a mouth.
You have claws for feet.
Your magical nature lets you fly swiftly and evasively.


Message History

The water moccasin zombie completely misses you.
The water moccasin zombie completely misses you.
You hit the water moccasin zombie. You claw the water moccasin zombie.
You destroy the water moccasin zombie!
Training target 3.0 for Spellcasting reached!
Your Fighting skill increases to level 4!
Your Spellcasting skill increases to level 3!
Your Air Magic skill increases to level 7!
You reach down and open the door.
There is an open door here.
You reach down and open the door. 2 mummies come into view.
The mummy moves out of view.
Found a gate leading back out of this place.
There is an open door here.
The helpless mummy fails to defend itself.
You hit the mummy. Lightning courses through the mummy!
You claw the mummy, but do no damage. You peck the mummy, but do no damage.
The mummy is severely damaged.
You hit the mummy but do no damage.
Casting: Static Discharge (safe; 1% risk of failure)
Confirm with . or Enter, or press ? or * to list all spells.
The mummy is struck by an arc of lightning.
You destroy the mummy!
You are struck by an arc of lightning.
The mummy is struck by an arc of lightning.
The mummy is moderately damaged.
The lightning grounds out.
The mummy is struck by an arc of lightning.
The mummy is moderately damaged.
You are struck by an arc of lightning.
The lightning grounds out.
The mummy hits you!
* * * LOW HITPOINT WARNING * * *
You closely miss the mummy. Your kick misses the mummy.
The mummy is moderately damaged.
The mummy closely misses you.
You hit the mummy. You claw the mummy.
The mummy is heavily damaged.
The mummy hits you!
You die...

#...# #... #...# #...
#...# #... #...# #...
##'## #'## #...# #...
#...####### #####...
#...#M..#!!!!#...#...
#...@.∩.+?$?!#.∩.'...
#...#...#!!!!#...#..∩
########### ########


You could see a mummy.

Vanquished Creatures
  Sigmund (D:2)
  5 water moccasin zombies (Ossuary)
  A hound (D:4)
  Jessica (D:3)
  A mummy (Ossuary)
  3 adders
  3 gnolls
  6 adder zombies (Ossuary)
  A worm (D:2)
  A dart slug (D:2)
  5 orcs (D:3)
  8 bats
  10 endoplasms
  2 giant cockroaches
  A gnoll zombie (Ossuary)
  5 goblins
  4 hobgoblins
  2 jackals (D:1)
  7 quokkas
  7 ball pythons
  5 frilled lizards
  5 hobgoblin zombies (Ossuary)
  6 kobolds
  3 kobold zombies (Ossuary)
  7 orc zombies (Ossuary)
  A rat (D:1)
101 creatures vanquished.

Notes
Turn   | Place    | Note
-------+----------+-------------------------------------------
     0 | D:1      | zishaf the Tengu Air Elementalist began the quest for the
                  | Orb.
     0 | D:1      | Reached XP level 1. HP: 10/10 MP: 4/4
   198 | D:1      | Reached XP level 2. HP: 16/16 MP: 3/6
   260 | D:1      | Learned a level 2 spell: Static Discharge
   394 | D:1      | Reached skill level 1 in Fighting
   593 | D:1      | Found Adounes's Antique Weapon Shoppe.
   788 | D:1      | Reached XP level 3. HP: 20/20 MP: 5/7
  2041 | D:2      | Found a faded altar of an unknown god.
  2129 | D:2      | Reached skill level 5 in Air Magic
  2129 | D:2      | Reached XP level 4. HP: 25/26 MP: 1/8
  2242 | D:2      | Noticed Sigmund
  2250 | D:2      | Killed Sigmund
  2251 | D:2      | Gained mutation: Your magical nature lets you fly swiftly
                  | and evasively. [Tengu growth]
  2251 | D:2      | Reached XP level 5. HP: 16/32 MP: 0/9
  2607 | D:2      | Reached XP level 6. HP: 25/37 MP: 6/10
  2826 | D:2      | Reached skill level 6 in Air Magic
  3421 | D:2      | Learned a level 3 spell: Mephitic Cloud
  4317 | D:3      | Noticed Jessica
  4328 | D:3      | Killed Jessica
  4461 | D:3      | Found a glowing golden altar of the Shining One.
  4569 | D:4      | Found a sand-covered staircase.
  4587 | Ossuary  | Entered an ossuary
  4673 | Ossuary  | Reached skill level 5 in Conjurations
  4706 | Ossuary  | Reached XP level 7. HP: 16/42 MP: 11/11
  5011 | Ossuary  | Reached skill level 7 in Air Magic
  5025 | Ossuary  | Slain by a mummy

Illustrated notes

Levels and vault maps discovered:
D:1:      mainiacjoe_arrival_reflecting_pool, layout_loops_ring, serial_shops,
          shop, corexii_leaking_fountain
D:2:      layout_basic, hellmonk_ecumenical_altar_crossroads, uniq_sigmund
D:3:      layout_loops_corners, lemuel_coloured_pillars_altar,
          amcnicky_mini_corridor_feature, chequers_serial_rivers_micro_b,
          uniq_jessica
D:4:      layout_loops_ring, gup_sewer_entry_bowl,
          lightli_ossuary_entry_decrepit_ruins, minmay_manual_moon,
          uniq_blork_the_orc
Ossuary:  ossuary_tomb_2

Skill      XL: |  1  2  3  4  5  6  7 |
---------------+----------------------+-----
Conjurations   | 2 3 4 5 |  5.8
Fighting       | 1 2 3 4 |  4.1
Air Magic      | 5 6 7 |  7.0
Spellcasting   | 3 |  3.0
Dodging        | |  2.1
Stealth        | |  2.0

Action                   |  1- 3 |  4- 6 |  7- 9 || total
-------------------------+-------+-------+-------++-------
Melee: Unarmed           |     4 |       |       ||     4
       Peck              |     3 |    14 |     4 ||    21
       Short sword       |    16 |     5 |       ||    21
       Kick              |     3 |    18 |     9 ||    30
       Punch             |     1 |       |       ||     1
       Hand axe          |       |    55 |    26 ||    81
 Cast: Shock             |    89 |    54 |       ||   143
       Static Discharge  |       |     8 |     3 ||    11
       Mephitic Cloud    |       |     2 |       ||     2
 Stab: Sleeping          |       |     3 |     1 ||     4
Armor: Robe              |    15 |     7 |     4 ||    26
Dodge: Dodged            |    28 |    76 |    35 ||   139

Table legend: (Time is in decaauts)
 A = Elapsed time spent in this place.
 B = Non-inter-level travel time spent in this place.
 C = Inter-level travel time spent in this place.
 D = Time resting spent in this place.
 E = Time spent auto-exploring this place.
 F = Levels seen in this place.
 G = Mean time per level.
                   A        B        C        D        E       F      G
               +--------+--------+--------+--------+--------+-----+--------+
         Total |   4921 |   4796 |    125 |    888 |   3231 |   5 |  984.2 |
       Dungeon |   4469 |   4344 |    125 |    630 |   3180 |   4 | 1117.2 |
       Ossuary |    451 |    451 |      0 |    258 |     50 |   1 |  451.0 |
               +--------+--------+--------+--------+--------+-----+--------+

Top non-repeatable levels by time:
     D:1: 1920 daAuts
     D:2: 1531 daAuts
     D:3: 998 daAuts
 Ossuary: 451 daAuts
     D:4: 19 daAuts
